 Dungeon Crawl Stone Soup version 0.25.0-1-g7eea58d (webtiles) character file.

Game seed: 3610040457106763314

383 Illumine the Cudgeler (level 6, -6/40 HPs)
             Began as a Gargoyle Fighter on June 18, 2020.
             Killed from afar by an orc wizard (7 damage)
             ... with a magic dart
             ... on level 4 of the Dungeon.
             The game lasted 00:05:16 (2990 turns).

Illumine the Cudgeler (Gargoyle Fighter)            Turns: 2990, Time: 00:05:17

Health: -6/40      AC: 16    Str: 21    XL:     6   Next: 76%
Magic:  6/6        EV:  4    Int:  9    God:
Gold:   152        SH:  9    Dex:  9    Spells: 5/5 levels left

rFire    . . .     SeeInvis .   a - +0 flail
rCold    . . .     Gourm    .   c - +0 kite shield
rNeg     + . .     Faith    .   w - +0 plate armour
rPois    ∞         Spirit   .   (no helmet)
rElec    +         Reflect  .   (no cloak)
rCorr    .         Harm     .   (no gloves)
MR       .....                  (no boots)
Stlth    ..........             (no amulet)
HPRegen  0.13/turn              C - ring of flight
MPRegen  0.10/turn              (no ring)

@: slowed, very slow
A: negative energy resistance 1, electricity resistance, unbreathing,
petrification resistance, rot immunity, AC +4
a: Evoke Flight


You were on level 4 of the Dungeon.
You were not hungry.

You visited 1 branch of the dungeon, and saw 4 of its levels.

You collected 152 gold pieces.

Inventory:

Hand Weapons
 a - a +0 flail (weapon)
Missiles
 h - 69 sling bullets
 y - 4 atropa-tipped darts (quivered)
 A - 34 stones
Armour
 c - a +0 kite shield (worn)
 w - a +0 plate armour (worn)
Jewellery
 m - an uncursed amulet of reflection {unknown}
 B - an uncursed amulet of faith {unknown}
 C - a ring of flight (left hand)
Scrolls
 e - 2 scrolls of identify {unknown}
 g - a scroll of enchant weapon {unknown}
 j - 2 scrolls of remove curse {unknown}
 l - a scroll of fog {unknown}
 p - 3 scrolls of teleportation {unknown}
 q - a scroll of immolation {unknown}
 s - a scroll of noise {unknown}
 u - a scroll of amnesia {unknown}
 v - a scroll of fear {unknown}
Potions
 b - a potion of curing {unknown}
 d - 2 potions of might
 k - 2 potions of lignification {unknown}
 n - a potion of stabbing {unknown}
 o - a potion of ambrosia {unknown}
 r - 2 potions of flight {unknown}
 t - a potion of berserk rage {unknown}
 x - a potion of degeneration {unknown}
 z - a potion of heal wounds {unknown}
Comestibles
 f - 7 rations
 i - 5 chunks of flesh


   Skills:
 + Level 4.9 Fighting
 * Level 5.1 Maces & Flails
 + Level 4.9 Armour
 - Level 3.3 Shields


You had 5 spell levels left.
You didn't know any spells.
Your spell library was empty.

Dungeon Overview and Level Annotations

Branches:
Dungeon (4/15)
 Temple: D:4-7

Altars:
Gozag
Makhleb

Annotations:
D:4 Menkaure


Innate Abilities, Weirdness & Mutations

You are resistant to torment.
Your stone body is resilient. (AC +4)
You are immune to poison.
You resist negative energy. (rN+)
You are resistant to electric shocks. (rElec)
You can survive without breathing.
You are immune to petrification.
You are immune to rotting.


Message History

The orc wizard points at you and mumbles some strange words.
The magic dart hits you.
The orc wizard hits you but does no damage.
The orc wizard casts a spell.
The orc wizard flickers and vanishes!
Deactivating autopickup; reactivate with Ctrl-A.
The orc priest calls upon Beogh to heal something.
Your shield and plate armour prevent you from hitting the orc wizard.
The orc wizard is almost dead.
You block the orc wizard's attack.
The orc wizard gestures at you while chanting.
The magic dart hits you.
* * * LOW HITPOINT WARNING * * *
An orc comes into view. It is wielding a +0 dagger.
The orc priest calls down the wrath of Beogh upon you.
Beogh smites you!
* * * LOW HITPOINT WARNING * * *
The orc wizard points at you and mumbles some strange words.
The magic dart hits you!
You die...

#### ..>## ##.. ....#
...## ##..# #...# #.#.##
#...# # .###.## #...# ...
## ##.# #...# #####...#
.###.## #...#####.{Zoo..#
..#.## #.....@oSs###.#.#
.#.########...#####.##
.#.#.................#.
.......................
##.#....................
##.########...#####.......
#...# #.........#...##
....# ###...########.##
#...# #.......#


You could see an orc priest, an orc wizard, an adder, an orc, a giant cockroach
and a bullfrog skeleton.

Vanquished Creatures
  An ogre (D:4)
  A howler monkey (D:4)
  A bullfrog skeleton (D:4)
  An orc wizard (D:3)
  A worker ant (D:4)
  4 gnolls (D:2)
  6 adders
  A worm (D:3)
  A dart slug (D:1)
  3 leopard geckos
  5 orcs
  7 bats
  8 giant cockroaches
  8 goblins
  10 hobgoblins
  3 ball pythons
  4 frilled lizards
  5 kobolds
  7 rats
77 creatures vanquished.

Notes
Turn   | Place    | Note
-------+----------+-------------------------------------------
     0 | D:1      | Illumine the Gargoyle Fighter began the quest for the Orb.
     0 | D:1      | Reached XP level 1. HP: 14/14 MP: 1/1
   126 | D:1      | Reached XP level 2. HP: 19/19 MP: 2/2
   412 | D:1      | Reached XP level 3. HP: 23/23 MP: 3/3
   626 | D:2      | Reached skill level 3 in Maces & Flails
   963 | D:2      | Reached XP level 4. HP: 23/29 MP: 4/4
  1575 | D:3      | Found an opulent altar of Gozag.
  1653 | D:3      | Reached XP level 5. HP: 32/33 MP: 5/5
  2037 | D:3      | Reached skill level 4 in Maces & Flails
  2375 | D:3      | Found a burning altar of Makhleb.
  2375 | D:3      | Noticed a blizzard demon
  2681 | D:4      | Reached XP level 6. HP: 32/39 MP: 6/6
  2766 | D:4      | Reached skill level 5 in Maces & Flails
  2975 | D:4      | Noticed Menkaure
  2990 | D:4      | HP: 1/40 [orc priest/divine providence (11)]
  2990 | D:4      | Killed from afar by an orc wizard

Illustrated notes

Levels and vault maps discovered:
D:1:      dpeg_arrival_shrine, layout_rooms, roderic_cross_of_infinity
D:2:      layout_loops_ring
D:3:      layout_loops_ring, nicolae_gozag_seed_capital,
          makhleb_altar_promises_db
D:4:      lemuel_castle_with_subvaults [lemuel_castle_interior_original],
          layout_loops_cross, first_ration, minmay_hedge_maze, uniq_menkaure

Skill      XL: |  1  2  3  4  5  6 |
---------------+-------------------+-----
Maces & Flails | 3 4 5 |  5.1
Fighting       | 4 |  4.9
Armour         | 4 |  4.9
Shields        | |  3.3

Action                   |  1- 3 |  4- 6 || total
-------------------------+-------+-------++-------
Melee: Flail             |   103 |   229 ||   332
Throw: Dart              |       |     2 ||     2
  Use: Potion            |       |     1 ||     1
  Eat: Chunk             |       |     7 ||     7
Armor: Scale mail        |    53 |    34 ||    87
       Plate armour      |       |   122 ||   122
Dodge: Dodged            |    26 |    40 ||    66
Block: Kite shield       |    46 |   120 ||   166
